 Dungeon Crawl Stone Soup version 0.18-a0-33-g9e10395 (webtiles) character file.

796 Duffy the Sneak (level 8, 41/54 HPs)
             Began as a Formicid Enchanter on Nov 5, 2015.
             Was an Initiate of Cheibriados.
             Quit the game on level 4 of the Dungeon.
             The game lasted 00:11:37 (7738 turns).

Duffy the Sneak (Formicid Enchanter)                Turns: 7738, Time: 00:11:37

Health: 41/54      AC:  4    Str: 13    XL:     8   Next: 13%
Magic:  14/14      EV: 12    Int: 17    God:    Cheibriados [......]
Gold:   352        SH:  0    Dex: 14    Spells: 5 memorised, 3 levels left

rFire  . . .     SeeInvis +     y - +0 dagger (curse)
rCold  . . .     Clarity  .     t - +1 robe
rNeg   . . .     SustAt   .     (no shield)
rPois  .         Gourm    .     (helmet unavailable)
rElec  .         Spirit   .     (no cloak)
rCorr  .         Warding  .     (no gloves)
rMut   .         Stasis   +     n - +0 pair of boots
MR     .....                    (no amulet)
Stlth  ++++......               (no ring)
                                (no ring)

@: vulnerable, very slow, not resistant to hostile enchantments, stealthy
A: permanent stasis, dig shafts and tunnels, four strong arms, antennae 3
a: Dig, Shaft Self, Bend Time, Renounce Religion


You were on level 4 of the Dungeon.
You worshipped Cheibriados.
Cheibriados was noncommittal.
You were hungry.

You visited 2 branches of the dungeon, and saw 6 of its levels.
You also visited: Sewer.

You collected 352 gold pieces.


Innate Abilities, Weirdness & Mutations

You are under a permanent stasis effect.
You can dig through walls and to a lower floor.
Your four strong arms can wield two-handed weapons with a shield.
You have a pair of large antennae on your head (SInv).


   Skills:
 + Level 1.0 Fighting
 - Level 3.0 Short Blades
 + Level 2.1 Dodging
 - Level 7.2 Stealth
 - Level 4.0 Spellcasting
 - Level 7.0 Hexes


You had 3 spell levels left.
You knew the following spells:

 Your Spells              Type           Power        Failure   Level  Hunger
a - Ensorcelled Hibernat  Hex/Ice        ###...       6%          2    ##.....
c - Confuse               Hex            ####....     2%          3    ###....
d - Dazzling Spray        Conj/Hex       ###.....     12%         3    ###....
r - Corona                Hex            ####...      1%          1    None
t - Tukima's Dance        Hex            ####....     2%          3    ###....

Inventory:

Hand Weapons
 a - a +1 dagger
 b - a +0 blowgun
 q - a +0 quarterstaff
 y - a cursed +0 dagger (weapon)
Missiles
 f - 106 stones (quivered)
 u - 15 poisoned needles
 z - 7 needles of confusion
Armour
 n - a +0 pair of boots (worn)
 t - a +1 robe (worn)
Scrolls
 h - a scroll of recharging
 o - a scroll of random uselessness
Potions
 e - 2 potions of brilliance
 g - 6 potions of heal wounds
 j - 3 potions of might
 r - a potion of lignification
 v - 5 potions of curing
 w - a potion of agility
 x - 2 potions of invisibility
Books
 c - a book of Maledictions
Comestibles
 l - 2 meat rations

Dungeon Overview and Level Annotations

Branches:
Dungeon (5/15)             Temple (1/1) D:4

Altars:
Ashenzari
Cheibriados
Gozag
Kikubaaqudgha
Makhleb
Nemelex Xobeh
Okawaru
Ru
Zin


Message History

Press: ? - help, Shift-Dir - straight line, f/p - phantom
Aim: a phantom (severely damaged, chance to defeat MR: 38%)
The phantom resists with some effort.
The phantom blinks!
The phantom blinks!
There is a stone staircase leading up here.
You climb upwards.
There is a stone staircase leading down here.
Magic restored.
All of the chunks of flesh in your inventory have rotted away.
You are feeling hungry.
Read which item? (? for menu, Esc to quit)
As you read the scroll labeled CEDYDDUXKU, it crumbles to dust.
It is a scroll of recharging.
You aren't carrying any rechargeable items.
Read which item? (? for menu, Esc to quit)
As you read the scroll labeled JUASSYCR NURGH, it crumbles to dust.
You experience a momentary feeling of inescapable doom!
It was a scroll of random uselessness.
Read which item? (? for menu, Esc to quit)
As you read the scroll labeled YTWALIUVAA, it crumbles to dust.
Magic quickly surges around you.
It was a scroll of vulnerability.
Read which item? (? for menu, Esc to quit)
As you read the scroll labeled NAOLOO ITUSUHA, it crumbles to dust.
You feel a strange sense of stasis.
It was a scroll of teleportation.
Read which item? (? for menu, Esc to quit)
As you read the scroll labeled WILIKO MENUAJ, it crumbles to dust.
You feel momentarily disoriented.
It was a scroll of magic mapping.
Read which item? (? for menu, Esc to quit)
As you read the scroll labeled JYESTR ONUMM, it crumbles to dust.
You assume a fearsome visage.
Nothing appears to happen.
It was a scroll of fear.
Read which item? (? for menu, Esc to quit)
As you read the scroll labeled ROSUUM PAIRPHIH, it crumbles to dust.
Formicids cannot teleport.
It was a scroll of blinking.
Are you sure you want to abandon this character and quit the game? (Confirm with "yes".)

.# #......#.........#
###### .#
#########.......#####
.###.# ##.##.###
.....# #.##.# '###.#
#..#.# .....# ##.#.#
.....# #...#
.....##########..#
................@#
#....#############
#....##### #........#
#....###.# #.....<#.#
########.# #......#
#.######


There were no monsters in sight!

Action                   |  1- 3 |  4- 6 |  7- 9 || total
-------------------------+-------+-------+-------++-------
Melee: Dagger            |   118 |   161 |    89 ||   368
 Fire: Blowgun           |       |    35 |     8 ||    43
 Cast: Ensorcelled Hiber |     9 |    25 |    18 ||    52
       Confuse           |       |     3 |    13 ||    16
 Abil: Dig               |     1 |     2 |       ||     3
  Use: Scroll            |       |       |    15 ||    15
       Potion            |       |       |     1 ||     1
 Stab: Sleeping          |    15 |    13 |    17 ||    45
       Confused          |       |     1 |     3 ||     4
       Distracted        |       |       |     1 ||     1
  Eat: Chunk             |     5 |     7 |     7 ||    19
       Fruit             |       |     3 |       ||     3
       Bread ration      |       |       |     1 ||     1
       Beef jerky        |       |       |     1 ||     1

Notes
Turn   | Place    | Note
--------------------------------------------------------------
     0 | D:1      | Duffy the Formicid Enchanter began the quest for the Orb.
     0 | D:1      | Reached XP level 1. HP: 13/13 MP: 3/3
   121 | D:1      | Reached skill level 4 in Stealth
   121 | D:1      | Reached XP level 2. HP: 16/19 MP: 5/5
   582 | D:1      | Learned a level 2 spell: Ensorcelled Hibernation
  1407 | D:2      | Reached XP level 3. HP: 24/24 MP: 6/6
  1412 | D:2      | Learned a level 3 spell: Confuse
  1658 | D:2      | Found a sparkling altar of Nemelex Xobeh.
  1761 | D:2      | Reached skill level 2 in Short Blades
  2401 | D:3      | Reached skill level 5 in Stealth
  2541 | D:3      | Found a glowing drain.
  2559 | D:2      | Reached XP level 4. HP: 3/30 MP: 0/7
  2834 | Sewer    | Entered a sewer
  3423 | Sewer    | Reached skill level 3 in Short Blades
  3423 | Sewer    | Reached XP level 5. HP: 14/35 MP: 3/8
  3704 | Sewer    | Reached skill level 6 in Stealth
  3704 | Sewer    | Reached skill level 4 in Hexes
  4024 | Sewer    | Reached XP level 6. HP: 26/41 MP: 3/9
  4050 | Sewer    | Reached skill level 5 in Hexes
  4504 | Sewer    | Reached skill level 7 in Stealth
  4987 | D:3      | Reached XP level 7. HP: 40/46 MP: 0/10
  5768 | D:3      | Found a shattered altar of Ashenzari.
  6136 | D:4      | Reached skill level 6 in Hexes
  6382 | D:4      | Reached skill level 3 in Spellcasting
  6446 | D:4      | Noticed emiel's ghost (amateur TeAs)
  6539 | D:4      | Killed emiel's ghost
  6979 | D:4      | Found a staircase to the Ecumenical Temple.
  6988 | Temple   | Entered the Ecumenical Temple
  6995 | Temple   | Became a worshipper of Cheibriados the Contemplative
  7096 | D:4      | Reached skill level 4 in Spellcasting
  7096 | D:4      | Reached skill level 7 in Hexes
  7096 | D:4      | Reached XP level 8. HP: 52/52 MP: 12/14
  7115 | D:4      | Learned a level 3 spell: Tukima's Dance
  7119 | D:4      | Learned a level 3 spell: Dazzling Spray
  7333 | D:5      | Entered Level 5 of the Dungeon
  7407 | D:5      | Reached skill level 1 in Fighting
  7407 | D:5      | Reached skill level 2 in Dodging
  7738 | D:4      | Quit the game

Vault maps used:
D:1:      erik_arrival_triangle_medium, serial_glass, glass_columns_a,
          glass_columns_b, glass_columns_c, glass_columns_c, glass_columns_b,
          glass_columns_a, hex_large
D:2:      nemelex_xobeh_ov_fountains_minmay, kennysheep_path_1
D:3:      portal_sewer_entry_f, ashenzari_altar_1
D:4:      temple_statues
D:5:      first_bread
Temple:   temple_eino_lava_8
Sewer:    sewer_minmay_treatment

Vanquished Creatures
  An ogre
  The ghost of emiel the Sneak, an amateur TeAs
  3 big kobolds
  2 scorpions
  A crimson imp
  A centaur skeleton
  A hound
  2 worker ants
  3 gnolls
  4 adders
  3 river rats
  3 oozes
  2 worms
  5 giant geckos
  2 orcs
  4 ball pythons
  3 hobgoblins
  3 jackals
  A quokka
  10 bats
  6 giant cockroaches
  A giant gecko skeleton
  5 giant newts
  4 goblins
  18 kobolds
  25 rats
114 creatures vanquished.
